Map: Eternal Empire LE

Players

PtitDrogo

  • Race: Protoss Protoss
  • Spawn Location: 1:00

Harstem - Winner!

  • Race: Protoss Protoss
  • Spawn Location: 7:00

Event: IEM Katowice 2020

VOD

Have the link to the VOD?

Description

Time

  • Played on: Feb. 25, 2020, 7:26 a.m.
  • Length: 11:48

All games in this series

Show
View Real Time Build Order
Export as new Build Order

PtitDrogo Protoss 

Build Orders: Oracle Opening 

Get SALT Encoding   

  12  0:00  Probe  
  13  0:12  Probe  
  14  0:17  Pylon  
  14  0:25  Probe (Chrono Boost)  
  15  0:37  Probe (Chrono Boost), Gateway  
  16  0:44  Probe (Chrono Boost)  
  16  0:46  Assimilator  
  17  0:51  Probe  
  17  0:55  Assimilator  
  18  1:03  Probe (Chrono Boost)  
  19  1:08  Gateway  
  19  1:12  Probe (Chrono Boost)  
  19  1:17  Probe (Chrono Boost)  
  21  1:28  Cybernetics Core  
  21  1:30  Probe  
  22  1:39  Pylon  
  22  1:42  Probe  
  23  2:04  Stargate  
  23  2:06  Stalker  
  25  2:09  Stalker  
  25  2:13  Warp Gate  
  27  2:18  Probe  
  28  2:26  Pylon  
  27  2:45  Oracle (Chrono Boost)  
  30  3:07  Nexus  
  30  3:12  Oracle (Chrono Boost)  
  30  3:17  Zealot  
  35  3:23  Zealot  
  37  3:32  Shield Battery  
  37  3:37  Shield Battery  
  37  3:47  Shield Battery  
  37  4:01  Pylon, Stalker  
  39  4:16  Stalker  
  36  4:22  Probe, Oracle (Chrono Boost)  
  34  4:25  Robotics Facility  
  34  4:27  Stalker  
  39  4:34  Probe  
  40  4:46  Probe, Pylon  
  38  5:01  Adept x2  
  42  5:19  Probe  
  41  5:23  Adept  
  41  5:28  Immortal (Chrono Boost)  
  43  5:40  Gateway  
  43  5:46  Stalker  
  45  5:56  Gateway  
  45  6:14  Warp Prism  
  47  6:21  Robotics Bay  
  47  6:33  Gateway  
  42  6:48  Sentry  
  44  6:56  Adept  
  46  7:10  Pylon  
  44  7:24  Colossus (Chrono Boost)  
  48  7:30  Pylon  
  48  7:41  Adept x3  
  56  7:54  Pylon  
  56  8:02  Adept x2  
  60  8:13  Pylon  
  60  8:14  Pylon  
  56  8:32  Stalker x3  
  58  8:57  Sentry x3  
  53  9:18  Probe  
  51  9:30  Probe  
  51  9:39  Adept x3  
  51  9:42  Probe  
  34  10:09  Stalker  
  34  10:10  Stalker  
  30  10:29  Probe  
  31  10:36  Sentry, Zealot  
  31  10:37  Sentry  
  37  10:56  Probe  
  36  11:00  Stalker  
  38  11:17  Disruptor (Chrono Boost)  
Show
View Real Time Build Order
Export as new Build Order

Harstem Protoss - Winner!

Build Orders:  

Get SALT Encoding   

  12  0:00  Probe  
  13  0:13  Probe  
  14  0:17  Pylon  
  14  0:25  Probe (Chrono Boost)  
  15  0:37  Probe (Chrono Boost)  
  15  0:38  Gateway  
  16  0:45  Probe (Chrono Boost)  
  17  0:51  Probe  
  17  0:52  Assimilator  
  18  0:59  Assimilator  
  18  1:03  Probe (Chrono Boost)  
  19  1:09  Gateway  
  19  1:14  Probe (Chrono Boost)  
  20  1:19  Probe (Chrono Boost)  
  21  1:25  Cybernetics Core  
  21  1:29  Probe  
  22  1:34  Pylon  
  22  1:41  Probe  
  23  2:02  Robotics Facility  
  23  2:06  Stalker x2  
  27  2:11  Warp Gate  
  27  2:15  Pylon  
  27  2:36  Stalker x2  
  31  2:47  Immortal (Chrono Boost)  
  34  2:56  Shield Battery  
  34  3:07  Sentry  
  36  3:16  Warp Prism (Chrono Boost)  
  38  3:22  Pylon  
  33  3:57  Probe  
  31  4:06  Stalker x2  
  29  4:23  Probe (Chrono Boost)  
  30  4:34  Probe (Chrono Boost)  
  30  4:35  Stalker  
  30  4:37  Sentry  
  35  4:39  Probe (Chrono Boost)  
  36  4:49  Probe  
  34  5:01  Probe  
  35  5:13  Probe  
  36  5:23  Zealot  
  36  5:26  Probe (Chrono Boost)  
  39  5:32  Sentry  
  41  5:35  Pylon  
  41  5:38  Probe (Chrono Boost)  
  42  5:43  Probe (Chrono Boost)  
  42  5:47  Stalker  
  43  5:53  Probe  
  43  6:13  Probe  
  44  6:25  Probe (Chrono Boost), Zealot  
  47  6:32  Pylon  
  47  6:35  Probe (Chrono Boost)  
  48  6:40  Probe (Chrono Boost)  
  46  6:52  Probe  
  45  7:02  Immortal (Chrono Boost)  
  45  7:06  Probe  
  50  7:16  Pylon  
  48  7:25  Sentry, Zealot  
  50  7:41  Immortal (Chrono Boost)  
  50  7:43  Probe  
  55  7:55  Probe  
  56  8:02  Stargate  
  56  8:07  Probe  
  57  8:16  Pylon  
  57  8:19  Probe  
  58  8:32  Probe  
  59  8:35  Immortal (Chrono Boost)  
  63  8:46  Pylon, Zealot x2  
  65  9:10  Stalker x2  
  65  9:12  Probe  
  68  9:28  Shield Battery  
  62  9:34  Shield Battery  
  62  9:35  Stalker x2  
  48  10:07  Immortal  
  52  10:17  Stalker x2  
  51  11:14  Nexus  
  51  11:20  Observer (Chrono Boost)  
  51  11:22  Pylon  
  52  11:28  Sentry  
  54  11:32  Sentry  

Tags
 
Add a new tag
Caveats
  • Supply blocks, unpowered buildings, or Contaminate may cause inaccurate times.
  • Supply counts are checked every 10 seconds.